 Dungeon Sprint DCSS version 0.18.1-47-g9310371 (webtiles) character file.

40551 protoss039 the Executioner (level 13, -12/137 HPs)
             Began as a Minotaur Fighter on June 13, 2016.
             Was the Champion of Okawaru.
             Mangled by a tengu reaver
             ... wielding a +0 bardiche
              (25 damage)
             ... in the Dungeon (Sprint IX: "|||||||||||||||||||||||||||||").
             The game lasted 00:25:21 (4294 turns).

protoss039 the Executioner (Minotaur Fighter)       Turns: 4294, Time: 00:25:22

Health: -12/137    AC: 21    Str: 26    XL:     13   Next: 75%
Magic:  2/6        EV: 19    Int: 10    God:    Okawaru [******]
Gold:   1921       SH: 20    Dex: 14    Spells: 0 memorised, 12 levels left

rFire  + . .     SeeInvis +     D - +7 hand axe "Feenwiq" {antimagic, rN+ Dex+4 SInv}
rCold  + . .     Gourm    .     J - +1 fire dragon armour
rNeg   + . .     Faith    .     H - +2 shield {rC+}
rPois  .         Spirit   .     (helmet restricted)
rElec  .         Dismiss  .     B - +0 cloak
rCorr  .         Reflect  .     G - +1 pair of gloves
SustAt .         Harm     .     (no boots)
MR     +....     NoTele   +     (no amulet)
Stlth  +++.......               F - ring of protection from magic
                                x - ring of ice

@: brilliant, heroism, somewhat resistant to hostile enchantments, fairly
stealthy
A: retaliatory headbutt, horns 2
a: Heroism, Finesse, Renounce Religion


You were in the Dungeon.
You worshipped Okawaru.
Okawaru was exalted by your worship.
You were not hungry.

You visited 1 branch You collected 1921 gold pieces.

Inventory:

Hand Weapons
 q - the +2 halberd of the Nexus {chop, *Drain +Blink rF+ Int+2}
   (You found it in the Dungeon)

   It inflicts extra damage upon your enemies.
   It affects your intelligence (+2).
   It protects you from fire.
   It lets you blink.
   It causes draining when unequipped.
 C - the +1 broad axe of Regicide {elec, MR+}
   (Okawaru gifted it to you in the Dungeon)

   Occasionally, upon striking a foe, it will discharge some electrical energy
   and cause terrible harm.
   It affects your resistance to hostile enchantments.
 D - the +7 hand axe "Feenwiq" (weapon) {antimagic, rN+ Dex+4 SInv}
   (Okawaru gifted it to you in the Dungeon)

   It disrupts the flow of magical energy around spellcasters and certain
   magical creatures (including the wielder).
   It affects your dexterity (+4).
   It protects you from negative energy.
   It lets you see invisible.
Missiles
 w - 4 javelins (quivered)
Armour
 B - a +0 cloak (worn)
 G - a +1 pair of gloves (worn)
 H - a +2 shield of cold resistance (worn)
 J - a +1 fire dragon armour (worn)
Jewellery
 t - a +3 ring of dexterity
 x - a ring of ice (left hand)
 E - an uncursed ring of fire
 F - a ring of protection from magic (right hand)
Wands
 b - a wand of lightning (8/15)
 o - a wand of iceblast (7/15)
Scrolls
 j - 4 scrolls of enchant weapon
 k - 3 scrolls of blinking
 m - 5 scrolls of remove curse
 n - 2 scrolls of amnesia
 s - a scroll of fear
 u - 2 scrolls of recharging
 v - 4 scrolls of enchant armour
Potions
 d - 2 potions of brilliance
Comestibles
 f - 13 bread rations
 z - 40 fruits
 A - 10 meat rations


   Skills:
 + Level 19.1(24.1) Fighting
 + Level 21.2(26.2) Axes
 + Level 16.9(21.9) Armour
 + Level 10.6(15.6) Dodging
 + Level 6.8(11.8) Stealth
 + Level 20.2(25.2) Shields
 * Level 11.8 Invocations


You had 12 spell levels left.
You didn't know any spells.

Dungeon Overview and Level Annotations

Branches:
Dungeon (1/1)

Altars:
Cheibriados
Dithmenos
Elyvilon
Fedhas
Gozag
Kikubaaqudgha
Makhleb
Nemelex Xobeh
Okawaru
Pakellas
Qazlal
Ru
Sif Muna
Trog
Vehumet
Xom
Yredelemnul
Zin
The Shining One
Beogh
Jiyva
Lugonu

Shops:
D ([%}


Innate Abilities, Weirdness & Mutations

You reflexively headbutt those who attack you in melee.
You have a pair of horns on your head.


Message History

You slice the ice dragon!! Your headbutt misses the ice dragon.
The ice dragon is almost dead.
Unknown command.
Unknown command.
Unknown command.
You completely miss the ice dragon.
You headbutt the ice dragon, but do no damage.
The ice dragon is almost dead.
You block the ice dragon's attack.
The ice dragon claws you but does no damage.
The ice dragon barely misses you.
Unknown command.
Unknown command.
Unknown command.
Unknown command.
Unknown command.
You hit the ice dragon but do no damage.
The ice dragon is almost dead.
The tengu reaver hits you from afar with a bardiche!!
You die...

.......[[[..[[.=))))))))....='...
▓▓▓▓▓▓▓▓▓▓▓▓▓▓▓▓▓▓▓▓▓▓▓▓▓▓▓▓▓▓▓▓▓
.................................
▓▓▓▓▓▓▓▓▓▓▓▓▓▓♣♣♣♣♣♣♣♣♣♣▓▓▓▓▓▓▓▓▓
.()'......)()([......))'.........
▓▓▓▓▓▓▓▓▓▓▓▓▓▓♣♣♣♣♣♣♣♣♣♣▓▓▓▓▓▓▓▓▓
.................................
▓▓▓▓▓▓▓▓▓▓▓▓▓▓▓▓▓▓▓▓▓▓▓▓▓▓▓▓▓▓▓▓▓
JCci*QD@)()))(..........
▓▓▓▓▓▓▓▓▓▓▓▓▓▓▓▓▓▓▓▓▓▓▓▓


You could see an ice dragon, a stone giant, a tengu reaver, a yaktaur captain, a
slime creature, a spriggan berserker and a battlesphere.

Vanquished Creatures
  Rupert (D)
  A fire giant (D)
  A frost giant (D)
  An emperor scorpion (D)
  2 vampire knights (D)
  A stone giant (D)
  A fire dragon (D)
  An ice dragon (D)
  Harold (D)
  A great orb of eyes (D)
  2 hydras (D)
  An entropy weaver (D)
  A ghost crab (D)
  An alligator (D)
  A catoblepas (D)
  A centaur warrior (D)
  6 ogre magi (D)
  5 death yaks (D)
  A vampire mage (D)
  Urug (D)
  A deep troll earth mage (D)
  A hell knight (D)
  A naga sharpshooter (D)
  2 sea snakes (D)
  A swamp dragon (D)
  A mana viper (D)
  A manticore (shapeshifter) (D)
  An orc sorcerer (D)
  3 wolf spiders (D)
  A cyclops (D)
  An elephant (D)
  3 black mambas (D)
  Maurice (D)
  A naga mage (D)
  A guardian serpent (D)
  2 water nymphs (D)
  2 demonic crawlers (D)
  An efreet (D)
  A komodo dragon (D)
  2 merfolk (D)
  2 jumping spiders (D)
  3 two-headed ogres (D)
  A raiju (shapeshifter) (D)
  A snapping turtle (D)
  2 slime creatures (D)
  A spriggan (D)
  2 tarantellas (D)
  A basilisk (D)
  4 yaks (D)
  4 hippogriffs (D)
  2 nagas (D)
  2 water moccasins (D)
  2 porcupines (D)
  A swamp drake (D)
  10 orc warriors (D)
  2 ice beasts (D)
  A sky beast (D)
  2 wasps (D)
  An eye of draining (D)
  4 ogres (D)
  3 wolves (D)
  2 crocodiles (D)
  3 giant frogs (D)
  3 crimson imps (D)
  An orc priest (D)
  A hound (D)
  An iguana (D)
  4 orc wizards (D)
  A worker ant (D)
  An adder skeleton (D)
  10 orcs (D)
  2 bats (D)
  A giant cockroach (D)
  2 quokkas (D)
  A giant gecko skeleton (D)
  A giant newt (D)
  2 goblins (D)
  A quokka skeleton (D)
147 creatures vanquished.

Vanquished Creatures (others)
  A naga sharpshooter (D)
  A spriggan druid (D)
  A spiny frog (D)
  A swamp drake (D)
4 creatures vanquished.

Grand Total: 151 creatures vanquished

Notes
Turn   | Place    | Note
--------------------------------------------------------------
     0 | D        | protoss039 the Minotaur Fighter began the quest for the Orb.
     0 | D        | Reached XP level 1. HP: 19/19 MP: 0/0
    24 | D        | Noticed a worker ant
    24 | D        | Noticed a sky beast
    30 | D        | Reached XP level 2. HP: 23/28 MP: 1/1
    38 | D        | Killed a sky beast
    38 | D        | Reached skill level 4 in Axes
    38 | D        | Reached skill level 1 in Dodging
    38 | D        | Reached XP level 3. HP: 22/39 MP: 2/2
    38 | D        | Reached XP level 4. HP: 27/47 MP: 3/3
    73 | D        | Found a glowing silver altar of Zin.
    73 | D        | Found a glowing golden altar of the Shining One.
    73 | D        | Found an ancient bone altar of Kikubaaqudgha.
    73 | D        | Found a basalt altar of Yredelemnul.
    73 | D        | Found a shimmering altar of Xom.
    73 | D        | Found a radiant altar of Vehumet.
    74 | D        | Found an iron altar of Okawaru.
    75 | D        | Found a burning altar of Makhleb.
    76 | D        | Found a deep blue altar of Sif Muna.
    77 | D        | Found a bloodstained altar of Trog.
    78 | D        | Found a sparkling altar of Nemelex Xobeh.
    79 | D        | Found a white marble altar of Elyvilon.
    80 | D        | Found a roughly hewn altar of Beogh.
    81 | D        | Found a viscous altar of Jiyva.
    82 | D        | Found a corrupted altar of Lugonu.
    83 | D        | Found a blossoming altar of Fedhas.
    86 | D        | Became a worshipper of Warmaster Okawaru
    89 | D        | Found a snail-covered altar of Cheibriados.
    90 | D        | Found a shadowy altar of Dithmenos.
    91 | D        | Found a stormy altar of Qazlal.
    92 | D        | Found an opulent altar of Gozag.
    93 | D        | Found a sacrificial altar of Ru.
    94 | D        | Found an oddly glowing altar of Pakellas.
   337 | D        | Got the +2 halberd of the Nexus {chop, *Drain +Blink rF+ Int+2}
   363 | D        | Noticed a wasp
   363 | D        | Noticed a water moccasin
   371 | D        | Reached XP level 5. HP: 51/53 MP: 4/4
   373 | D        | Killed a water moccasin
   373 | D        | Reached skill level 5 in Axes
   385 | D        | Killed a wasp
   385 | D        | Reached * piety under Okawaru
   385 | D        | Reached skill level 6 in Axes
   385 | D        | Reached XP level 6. HP: 51/66 MP: 5/5
   453 | D        | Noticed a yak
   453 | D        | Noticed a cyclops
   453 | D        | Noticed an efreet
   453 | D        | Noticed a hippogriff
   453 | D        | Noticed an ice beast
   457 | D        | Killed an ice beast
   457 | D        | Reached skill level 10 in Fighting
   457 | D        | Reached skill level 7 in Axes
   462 | D        | Killed a hippogriff
   462 | D        | Reached skill level 10 in Armour
   462 | D        | Reached XP level 7. HP: 69/73 MP: 3/6
   474 | D        | Killed an efreet
   474 | D        | Reached ** piety under Okawaru
   474 | D        | Reached skill level 8 in Axes
   474 | D        | Reached skill level 10 in Shields
   477 | D        | Killed a cyclops
   477 | D        | Reached *** piety under Okawaru
   477 | D        | Reached skill level 9 in Axes
   477 | D        | Reached skill level 5 in Dodging
   477 | D        | Reached XP level 8. HP: 77/83 MP: 5/7
   750 | D        | Noticed a komodo dragon
   750 | D        | Noticed a black mamba
   752 | D        | Reached skill level 1 in Stealth
   757 | D        | Killed a black mamba
   757 | D        | Reached skill level 10 in Axes
   773 | D        | Killed a komodo dragon
   773 | D        | Reached **** piety under Okawaru
   773 | D        | Reached XP level 9. HP: 50/92 MP: 8/8
   775 | D        | Reached skill level 11 in Axes
   983 | D        | Noticed a four-headed hydra
   986 | D        | Noticed an elephant
   988 | D        | Noticed a death yak
  1001 | D        | Killed a 13-headed hydra
  1001 | D        | Reached skill level 12 in Axes
  1001 | D        | Reached skill level 1 in Invocations
  1015 | D        | Killed an elephant
  1015 | D        | Reached ***** piety under Okawaru
  1023 | D        | Killed a death yak
  1023 | D        | Reached XP level 10. HP: 37/103 MP: 8/10
  1026 | D        | Reached skill level 13 in Axes
  1283 | D        | Noticed a death yak
  1283 | D        | Noticed a death yak
  1283 | D        | Noticed a death yak
  1286 | D        | Noticed a death yak
  1293 | D        | Killed a death yak
  1294 | D        | Noticed a catoblepas
  1297 | D        | Killed a death yak
  1297 | D        | Received a gift from Okawaru
  1297 | D        | Reached skill level 15 in Shields
  1313 | D        | Killed a death yak
  1313 | D        | Reached skill level 14 in Axes
  1331 | D        | Killed a death yak
  1341 | D        | Reached skill level 15 in Fighting
  1348 | D        | Killed a catoblepas
  1348 | D        | Reached XP level 11. HP: 62/112 MP: 8/12
  1594 | D        | Noticed Harold
  1623 | D        | Killed Harold
  1668 | D        | Reached skill level 15 in Axes
  1780 | D        | Noticed an orc sorcerer
  1794 | D        | Killed an orc sorcerer
  1794 | D        | Reached skill level 15 in Armour
  1878 | D        | Found Pusuhoid's Gadget Boutique.
  1878 | D        | Noticed an ogre mage
  1878 | D        | Noticed an ogre mage
  1878 | D        | Noticed an ogre mage
  1885 | D        | Killed an ogre mage
  1885 | D        | Received a gift from Okawaru
  1885 | D        | Reached skill level 16 in Axes
  1886 | D        | Found Oshuceb's Food Shop.
  1889 | D        | Killed an ogre mage
  1890 | D        | Noticed an ogre mage
  1896 | D        | Killed an ogre mage
  1896 | D        | Reached skill level 5 in Invocations
  1907 | D        | Found Foydeawk's Antique Armour Boutique.
  1917 | D        | Killed an ogre mage
  1917 | D        | Reached skill level 17 in Axes
  1920 | D        | Found Oschuum's Antique Weapon Shop.
  1923 | D        | Noticed an ogre mage
  1925 | D        | Noticed an ogre mage
  1931 | D        | Killed an ogre mage
  1938 | D        | Killed an ogre mage
  1938 | D        | Reached ****** piety under Okawaru
  1940 | D        | Received a gift from Okawaru
  1980 | D        | Got a fine broad axe {god gift}
  1996 | D        | Got an ichor-stained hand axe {god gift}
  2003 | D        | Identified the +1 broad axe of Regicide {elec, MR+} (Okawaru gifted it to you in the Dungeon)
  2004 | D        | Identified the +7 hand axe "Feenwiq" {antimagic, rN+ Dex+4 SInv} (Okawaru gifted it to you in the Dungeon)
  2227 | D        | Noticed Urug
  2240 | D        | Killed Urug
  2240 | D        | Reached XP level 12. HP: 124/124 MP: 5/15
  2452 | D        | Noticed a vampire knight
  2453 | D        | Noticed a deep troll earth mage
  2453 | D        | Noticed a vampire knight
  2458 | D        | Noticed a great orb of eyes
  2474 | D        | Reached skill level 18 in Axes
  2483 | D        | Killed a vampire knight
  2484 | D        | Noticed a fire giant
  2509 | D        | Killed a vampire knight
  2516 | D        | Killed a deep troll earth mage
  2516 | D        | Paralysed by a great orb of eyes for 2 turns
  2530 | D        | Killed a great orb of eyes
  2559 | D        | Killed a fire giant
  2559 | D        | Reached skill level 19 in Axes
  2904 | D        | Noticed a ghost crab
  2904 | D        | Noticed an alligator
  2908 | D        | Noticed a four-headed hydra
  2924 | D        | Killed an alligator
  2942 | D        | Killed a ghost crab
  2948 | D        | Killed an eight-headed hydra
  3156 | D        | Received a gift from Okawaru
  3567 | D        | Reached XP level 13. HP: 51/135 MP: 1/18
  3586 | D        | Reached skill level 20 in Axes
  3632 | D        | Noticed an emperor scorpion
  3667 | D        | Reached skill level 10 in Invocations
  3673 | D        | Killed an emperor scorpion
  3673 | D        | Reached skill level 5 in Stealth
  4071 | D        | Noticed Rupert
  4072 | D        | Noticed Maurice
  4092 | D        | Killed Maurice
  4103 | D        | Killed Rupert
  4178 | D        | Noticed a stone giant
  4178 | D        | Noticed a fire dragon
  4178 | D        | Noticed a frost giant
  4189 | D        | Killed a frost giant
  4189 | D        | Received a gift from Okawaru
  4194 | D        | Reached skill level 10 in Dodging
  4224 | D        | Killed a fire dragon
  4238 | D        | Killed a stone giant
  4249 | D        | Reached skill level 21 in Axes
  4268 | D        | Noticed a tengu reaver
  4284 | D        | Noticed a stone giant
  4294 | D        | Mangled by a tengu reaver

Skill      XL: |  1  2  3  4  5  6  7  8  9 10 11 12 13 |
---------------+----------------------------------------+-----
Shields        | 4 6 7 9 11 12 14 16 17 18 20 | 20.2
Armour         | 4 6 7 8 10 11 12 13 14 15 16 | 16.9
Fighting       | 4 7 9 10 11 12 14 15 16 18 19 | 19.1
Axes           | 4 6 7 9 10 12 14 17 19 21 | 21.2
Dodging        | 1 2 3 4 5 6 7 8 10 | 10.6
Stealth        | 1 2 3 6 |  6.8
Invocations    | 1 3 5 9 11 | 11.8

Action                   |  1- 3 |  4- 6 |  7- 9 | 10-12 | 13-15 || total
-------------------------+-------+-------+-------+-------+-------++-------
Melee: War axe           |    23 |     3 |       |       |       ||    26
       Headbutt          |     4 |     5 |    22 |   109 |    81 ||   221
       Broad axe         |       |    33 |    83 |   170 |       ||   286
       Hand axe          |       |       |       |   223 |   211 ||   434
Invok: Heroism           |       |     1 |     1 |     8 |     4 ||    14
       Finesse           |       |       |       |     7 |     1 ||     8
  Use: Potion            |     1 |       |     5 |    17 |     4 ||    27
 Stab: Petrifying        |       |       |       |     2 |       ||     2
       Invisible         |       |       |       |       |    13 ||    13
       Sleeping          |       |       |       |       |     1 ||     1
  Eat: Chunk             |       |       |     1 |     6 |     1 ||     8
       Meat ration       |       |       |       |     1 |     1 ||     2
Armor: Scale mail        |    10 |       |       |       |       ||    10
       Plate armour      |       |    31 |    35 |    22 |       ||    88
       Fire dragon armou |       |       |       |    28 |    24 ||    52
Dodge: Dodged            |     9 |     9 |    34 |    55 |    52 ||   159
Block: Shield            |    11 |    28 |    60 |   149 |   103 ||   351
